 Dungeon Crawl Stone Soup version 0.31-a0-965-g8a8ce12e04 (webtiles) character file.

Game seed: 4307717326933539514

62 Dirtsage the Insei (level 4, -9/29 HPs)
             Began as an Octopode Shapeshifter on Oct 26, 2023.
             Mangled by an ogre
             ... wielding a +0 giant club
              (28 damage)
             ... on level 3 of the Dungeon.
             The game lasted 00:02:16 (1722 turns).

Dirtsage the Insei (Octopode Shapeshifter)          Turns: 1722, Time: 00:02:16

Health: -9/29      AC:  1    Str: 13    XL:     4   Next: 8%
Magic:  4/4        EV: 13    Int: 12    God:
Gold:   171        SH:  0    Dex: 13    Spells: 3/3 levels left

rFire   . .          .
                       - Unarmed
rCold   . . .        (no shield)
rNeg    . . .        (helmet currently unavailable)
rPois   .            (no amulet)
rElec   .            (no ring)
rCorr   .            (no ring)
SInv    .            (no ring)
Will    .....        (no ring)
Stlth   ++           (no ring)
HPRegen 0.24/turn    (no ring)
MPRegen 0.09/turn    (no ring)
                     (no ring)

%: no passive effects
@: beast-form
A: beast (slay +2), almost no armour, amphibious, 8 rings, camouflage 1,
gelatinous body 1, (nimble swimmer 1), tentacles
a: Begin Untransformation


You were on level 3 of the Dungeon.
You were a hulking beast.
You visited 1 branch of the dungeon, and saw 3 of its levels.

You collected 171 gold pieces.

Inventory:

Jewellery
 f - an amulet of magic regeneration
Talismans
 b - a beast talisman
 c - a flux talisman
 h - a beast talisman
 k - a flux talisman
Scrolls
 i - a scroll of vulnerability {unknown}
 m - a scroll of butterflies {unknown}
Potions
 a - a potion of lignification
 d - 2 potions of haste {unknown}
 e - 2 potions of curing {unknown}
 g - a potion of attraction {unknown}
 j - a potion of enlightenment {unknown}
 l - a potion of heal wounds {unknown}
 n - a potion of degeneration {unknown}
 o - a potion of might {unknown}


   Skills:
 + Level 1.8 Fighting
 - Level 2.0 Dodging
 * Level 3.8 Unarmed Combat
 * Level 3.7 Shapeshifting


You had 3 spell levels left.
You didn't know any spells.
Your spell library contained the following spells:

 Spells                   Type           Power      Damage    Failure   Level
 Hailstorm                Conj/Ice       0%         3d3       69%         3
 Summon Ice Beast         Ice/Summ       0%         N/A       97%         4
 Simulacrum               Ice/Necr       0%         N/A       100%        6


Dungeon Overview and Level Annotations

Branches:
Dungeon (3/15)

Altars:


Innate Abilities, Weirdness & Mutations

You are a hulking beast.
Your limbs bulge with bestial killing power. (Slay +2)
You cannot wear most types of armour.
You are amphibious.
You can wear up to eight rings at the same time.
Your skin changes colour to match your surroundings (Stealth+).
Your rubbery body absorbs attacks. (AC +1, EV +1)
((You are camouflaged when in or above water. (Stealth+)))
You have tentacles for arms and can constrict up to eight enemies at once.


Message History

You tentacle-slap the ball python. You grab the ball python.
The ball python is heavily wounded.
You constrict the ball python.
You kill the ball python!
No target in view!
n - a fizzy sapphire potion Health restored: 29 You now have 171 gold pieces (gained 7).
You open the door.
There is an open door here.
Found an escape hatch in the floor.
Found a stone staircase leading down.
There is a stone staircase leading down here.
You open the door.
There is an open door here.
Found a stone staircase leading up.
o - a gluggy clear potion
There is an open door here.
You open the door. You open the door.
There is an open door here.
Found a stone staircase leading up.
There is an open door here.
There is an open door here.
You see here a +2 flail of venom.
An ogre comes into view. It is wielding a +0 giant club.
You have nothing you can fire or use right now.
You have nothing you can fire or use right now.
Okay, then.
The helpless ogre fails to defend itself.
You tentacle-slap the ogre but do no damage.
The ogre hits you with a +0 giant club!
You take 11 damage, and have 18/29 hp.
MASSIVE DAMAGE!!
You barely miss the ogre. You squeeze the ogre.
The ogre is lightly wounded.
You barely miss the ogre.
The ogre is lightly wounded.
The ogre hits you with a +0 giant club!!
Ouch! That really hurt!
You die...

### #.############
#.............
#.############
########.# #..Oh....#
#.######## ..# #.#
#########.########
#.....>##.#......#####
#.####.##.#.####.#....
#.# #..#.#.# #.#....
#.####..#.#.# #......


You could see an ogre.

Vanquished Creatures
  An adder (D:2)
  A dart slug (D:1)
  An orc (D:3)
  5 ball pythons
  3 endoplasms
  A giant cockroach (D:1)
  2 goblins
  7 hobgoblins
  9 quokkas
  6 bats
  A frilled lizard (D:1)
  3 kobolds
  A rat (D:2)
41 creatures vanquished.

Notes
Turn   | Place    | Note
-------+----------+-------------------------------------------
     0 | D:1      | Dirtsage the Octopode Shapeshifter began the quest for the
                  | Orb.
     0 | D:1      | Reached XP level 1. HP: 13/13 MP: 1/1
   119 | D:1      | Reached XP level 2. HP: 18/18 MP: 2/2
   229 | D:1      | Reached XP level 3. HP: 16/23 MP: 3/3
   787 | D:2      | Found the +4 robe of Augmentation {Str+4 Int+4 Dex+4}
  1091 | D:2      | Reached XP level 4. HP: 29/29 MP: 4/4
  1145 | D:2      | Found a faded altar of an unknown god.
  1393 | D:3      | Identified the +5 plate armour of Alootrynam {Int+3}
  1715 | D:3      | Noticed an ogre
  1722 | D:3      | Mangled by an ogre

Illustrated notes

Levels and vault maps discovered:
D:1:      lightli_arrival_chessboard, layout_rooms, minivault_27,
          minmay_heptomino_w4
D:2:      layout_loops_ring, hellmonk_ecumenical_altar_leap_of_faith,
          serial_glass, glass_columns_c, glass_columns_b, item_on_display_a,
          minmay_strange_pillars, item_on_display_a, item_on_display_b,
          kennysheep_nondescript
D:3:      layout_basic

Action                     |  1- 3 |  4- 6 || total
---------------------------+-------+-------++-------
  Melee: Unarmed           |    68 |    12 ||    80
         Constrict         |    17 |     3 ||    20
         Tentacles         |     6 |     2 ||     8
         Punch             |     4 |       ||     4
   Stab: Sleeping          |     7 |     2 ||     9
 Armour: Skin              |    29 |     7 ||    36
  Dodge: Dodged            |    37 |     5 ||    42

Table legend: (Time is in decaauts)
 A = Elapsed time spent in this place.
 B = Non-inter-level travel time spent in this place.
 C = Inter-level travel time spent in this place.
 D = Time resting spent in this place.
 E = Time spent auto-exploring this place.
 F = Levels seen in this place.
 G = Mean time per level.
                   A        B        C        D        E       F      G
               +--------+--------+--------+--------+--------+-----+--------+
         Total |   1716 |   1653 |     63 |      0 |   1403 |   3 |  572.0 |
       Dungeon |   1716 |   1653 |     63 |      0 |   1403 |   3 |  572.0 |
               +--------+--------+--------+--------+--------+-----+--------+

Top non-repeatable levels by time:
     D:2: 629 daAuts
     D:1: 590 daAuts
     D:3: 495 daAuts
